 Dungeon Crawl Stone Soup version 0.27-a0-1136-g0b992a5a9d (webtiles) character file.

Game seed: 14579154447042086072

91 HendSelp the Ruffian (level 4, 0/44 HPs)
             Began as a Troll Monk on May 4, 2021.
             Slain by an orc warrior
             ... wielding a +0 morningstar
              (12 damage)
             ... on level 1 of the Dungeon.
             The game lasted 00:02:02 (1011 turns).

HendSelp the Ruffian (Troll Monk)                   Turns: 1011, Time: 00:02:03

Health: 0/44       AC:  4    Str: 19 (20) XL:     4   Next: 33%
Magic:  3/3        EV: 10    Int:  3 (6)  God:
Gold:   95         SH:  0    Dex: 11 (12) Spells: 3/3 levels left

rFire    . . .     SeeInvis .     - Unarmed
rCold    . . .     Faith    .   (no shield)
rNeg     . . .     Spirit   .   a - +0 robe
rPois    .         Reflect  .   (helmet restricted)
rElec    .         Harm     .   (no cloak)
rCorr    .         Rampage  .   (gloves unavailable)
Will     +....                  (boots unavailable)
Stlth    +.........             (no amulet)
HPRegen  1.14/turn              e - ring of willpower
MPRegen  0.08/turn              (no ring)

@: no status effects
A: large, unfitting armour, claws 3, regeneration 1, shaggy fur 1, tough skin 1
a: no special abilities


You were on level 1 of the Dungeon.
You visited 1 branch of the dungeon, and saw 2 of its levels.

You collected 95 gold pieces.

Inventory:

Armour
 a - a +0 robe (worn)
Jewellery
 e - a ring of willpower (left claw)
Potions
 b - a potion of degeneration
 c - a potion of flight {unknown}
 d - a potion of heal wounds {unknown}


   Skills:
 - Level 2.4 Fighting
 - Level 2.4 Dodging
 - Level 1.0 Stealth
 + Level 5.2 Unarmed Combat


You had 3 spell levels left.
You didn't know any spells.
Your spell library was empty.

Dungeon Overview and Level Annotations

Branches:
Dungeon (2/15)

Altars:


Innate Abilities, Weirdness & Mutations

You are too large for most types of armour.
You have claws for hands.
Your natural rate of healing is unusually fast.
You are covered in fur. (AC +1)
You have tough skin. (AC +1)


Message History

You feel sick.
No target in view!
No target in view!
No target in view!
No target in view!
No target in view!
No target in view!
No target in view!
No target in view!
No target in view!
You start resting.
You feel sick. x4
You are no longer poisoned.
You climb downwards.
The bat hits you but does no damage. x2
The orc warrior hits you with a +0 morningstar!
The bat closely misses you.
The orc warrior hits you with a +0 morningstar!
There is a stone staircase leading up, spattered with blood here.
Unknown command.
The bat hits you but does no damage. The bat closely misses you.
The orc warrior barely misses you.
You climb upwards.
There is a stone staircase leading down here.
Unknown command.
The bat hits you but does no damage. The bat closely misses you. x2
The bat hits you.
You barely miss the bat. The bat hits you but does no damage.
You scratch the orc warrior but do no damage.
The orc warrior is lightly wounded.
The bat hits you.
The orc warrior hits you with a +0 morningstar!
* * * LOW HITPOINT WARNING * * *
The bat hits you.
* * * LOW HITPOINT WARNING * * *
It was a potion of degeneration.
There was something very wrong with that liquid.
You feel weakened.
You feel dopey.
You feel clumsy. The bat closely misses you.
The bat hits you but does no damage.
The orc warrior hits you with a +0 morningstar!
You die...

.....#..........#####.......#
.....###.##+##.######...#####
...†.....#...#....##..#.#
...†.###.'...+.#......#.#
.....#...#...#.......##.#
.......#.##+##.#....###.#
....................# #.##
.......#.#.#†#.#....# #..#
..........#..>.o@...####.#
.....#.........b.....###.##
....##....#...............#
.......##.#.........#.....#
....#####.#.........#.....#
....# #.#.........##....#
##### #...........#######
#...........# ##........###


You could see an orc warrior and a bat.

Vanquished Creatures
  4 adders
  A worm (D:2)
  An orc (D:2)
  4 ball pythons
  10 endoplasms
  A goblin (D:1)
  A hobgoblin (D:2)
  11 jackals
  2 kobolds (D:2)
  3 quokkas (D:1)
  2 bats
  4 rats
44 creatures vanquished.

Notes
Turn   | Place    | Note
-------+----------+-------------------------------------------
     0 | D:1      | HendSelp the Troll Monk began the quest for the Orb.
     0 | D:1      | Reached XP level 1. HP: 22/22 MP: 0/0
   101 | D:1      | Reached XP level 2. HP: 29/29 MP: 1/1
   180 | D:1      | Reached skill level 4 in Unarmed Combat
   462 | D:2      | Reached XP level 3. HP: 36/36 MP: 2/2
   509 | D:2      | Found a faded altar of an unknown god.
   710 | D:2      | Reached XP level 4. HP: 34/44 MP: 3/3
   909 | D:2      | Reached skill level 5 in Unarmed Combat
   911 | D:2      | Noticed an orc warrior
  1011 | D:1      | Slain by an orc warrior

Illustrated notes

Levels and vault maps discovered:
D:1:      minmay_arrival_checkered_box, layout_rooms, minmay_misc_feat_doors
D:2:      layout_loops_cross, shapermc_ecumenical_altar_venn, hex_medium

Skill      XL: |  1  2  3  4 |
---------------+-------------+-----
Unarmed Combat | 4 5 |  5.2
Fighting       | |  2.4
Dodging        | |  2.4
Stealth        | |  1.0

Action                   |  1- 3 |  4- 6 || total
-------------------------+-------+-------++-------
Melee: Unarmed           |   107 |    22 ||   129
       Punch             |       |     1 ||     1
  Use: Scroll            |     1 |       ||     1
       Potion            |       |     1 ||     1
 Stab: Sleeping          |     3 |     1 ||     4
Armor: Robe              |    56 |    41 ||    97
Dodge: Dodged            |    69 |    43 ||   112

Table legend: (Time is in decaauts)
 A = Elapsed time spent in this place.
 B = Non-inter-level travel time spent in this place.
 C = Inter-level travel time spent in this place.
 D = Time resting spent in this place.
 E = Time spent auto-exploring this place.
 F = Levels seen in this place.
 G = Mean time per level.
                   A        B        C        D        E       F      G
               +--------+--------+--------+--------+--------+-----+--------+
         Total |   1002 |    990 |     12 |      4 |    664 |   2 |  501.0 |
       Dungeon |   1002 |    990 |     12 |      4 |    664 |   2 |  501.0 |
               +--------+--------+--------+--------+--------+-----+--------+

Top non-repeatable levels by time:
     D:2: 590 daAuts
     D:1: 411 daAuts
